 Dungeon Crawl Stone Soup version 0.32-a0-981-g384da2ce10 (webtiles) character file.

Game seed: 10880004032058832609

686 KennySheep the Magician (level 7, -2/41 HPs)
             Began as a Deep Elf Cinder Acolyte on Apr 21, 2024.
             Was a High Priest of Ignis.
             Slain by a yak (13 damage)
             ... on level 5 of the Dungeon.
             The game lasted 00:19:19 (6142 turns).

KennySheep the Magician (Deep Elf Cinder Acolyte)   Turns: 6142, Time: 00:19:20

Health: -2/41      AC:  4    Str: 11    XL:     7   Next: 35%
Magic:  18/18      EV: 10    Int: 21    God:    Ignis [*****.]
Gold:   346        SH:  0    Dex: 10    Spells: 10/18 levels left

rFire   + . .        a - +0 mace (flame)
rCold   . . .        (no shield)
rNeg    . . .        b - +0 robe
rPois   .            g - +0 helmet
rElec   .            (no cloak)
rCorr   .            k - +0 pair of gloves
SInv    .            (no boots)
Will    .....        (no amulet)
Stlth   +            (no ring)
HPRegen 0.26/turn    (no ring)
MPRegen 0.16/turn

%: no passive effects
@: no status effects
A: no striking features
a: Renounce Religion, Fiery Armour, Foxfire Swarm, Rising Flame


You were on level 5 of the Dungeon.
You worshipped Ignis.
Ignis was extremely pleased with you.
You visited 2 branches of the dungeon, and saw 6 of its levels.

You collected 346 gold pieces.

Inventory:

Hand Weapons
 a - a +0 mace of flaming (weapon)
 d - a +0 whip
Armour
 b - a +0 robe (worn)
 g - a +0 helmet (worn)
 k - a +0 pair of gloves (worn)
Jewellery
 s - an amulet of guardian spirit
Wands
 p - a wand of charming (6)
Scrolls
 c - a scroll of teleportation {unknown}
 e - a scroll of silence
 f - a scroll of noise
 i - a scroll of amnesia {unknown}
 l - a scroll of enchant weapon
 q - a scroll of identify {unknown}
 r - a scroll of fog {unknown}
 t - a scroll of vulnerability {unknown}
Potions
 h - a potion of attraction {unknown}
 j - 2 potions of cancellation {unknown}
 m - a potion of lignification {unknown}
 n - 4 potions of heal wounds
 o - a potion of curing {unknown}


   Skills:
 - Level 3.0 Fighting
 - Level 2.1 Maces & Flails
 - Level 1.2 Dodging
 * Level 6.0 Spellcasting
 * Level 4.2 Conjurations
 - Level 4.0 Fire Magic
 * Level 4.2 Earth Magic


You had 10 spell levels left.
You knew the following spells:

 Your Spells              Type           Power      Damage    Failure   Level
a - Scorch                Fire           46%        2d6       2%          2
b - Passwall              Erth           24%        N/A       4%          3
c - Stone Arrow           Conj/Erth      48%        3d10      4%          3

Your spell library contained the following spells:

 Spells                   Type           Power      Damage    Failure   Level
 Magic Dart               Conj           96%        1d7       1%          1
 Sandblast                Erth           48%        2d12      1%          1
 Searing Ray              Conj           48%        2d6       2%          2
 Sting                    Conj/Alch      60%        1d6       4%          1
 Apportation              Tloc           12%        N/A       10%         1
 Necrotise                Necr           24%        1d5       10%         1
 Summon Small Mammal      Summ           24%        N/A       10%         1
 Fugue of the Fallen      Necr           6%         N/A       28%         3
 Ozocubu's Armour         Ice            6%         N/A       28%         3
 Fulminant Prism          Conj/Alch      7%         3d6       38%         4
 Manifold Assault         Tloc           3%         N/A       100%        7


Dungeon Overview and Level Annotations

Branches:
Dungeon (5/15)             Temple (1/1) D:4

Altars:
Ashenzari
Dithmenos
Elyvilon
Fedhas
Gozag
Hepliaklqana
Kikubaaqudgha
Qazlal
Ru
Trog
Uskayaw
Vehumet
Xom
Yredelemnul
Zin
The Shining One


Message History

Found a stone staircase leading down.
A bombardier beetle comes into view.
A bombardier beetle is nearby!
Found a quarterstaff.
Casting: Stone Arrow (dangerous; 5% risk of failure)
Confirm with . or Enter, or press ? or * to list all spells.
Okay, then.
Casting: Scorch (safe; 3% risk of failure)
Press: ? - help, Q - select action, (/) - cycle Dir - look around, f - activate Flames lash the bombardier beetle.
The bombardier beetle is lightly wounded.
The bombardier beetle's fire resistance burns away.
Casting: Scorch (safe; 3% risk of failure)
Press: ? - help, Q - select action, (/) - cycle Dir - look around, f - activate Flames lash the bombardier beetle.
The bombardier beetle is burned terribly!
The bombardier beetle is heavily wounded.
You hear a bellow!
The bombardier beetle sprays incendiary fluid at you.
The burning spray misses you.
Casting: Scorch (safe; 3% risk of failure)
Press: ? - help, Q - select action, (/) - cycle Dir - look around, f - activate Flames lash the bombardier beetle.
The bombardier beetle is burned terribly!
You kill the bombardier beetle!
Your Spellcasting skill increases to level 6!
You now have 346 gold pieces (gained 6). 2 yaks come into view.
The yak bellows! x2
A yak comes into view.
You enter the shallow water.
Moving in this stuff is going to be slow.
The yak gores you! The yak attacks as it pursues you! The yak gores you!
There is an escape hatch in the ceiling here.
The yak gores you!
* * * LOW HITPOINT WARNING * * *
The yak gores you!
You die...
Ignis goes out, and joins you in death.

#####################
###............##.....##
##...≈~~........(.[.....#
##..~≈≈≈~~≈...............
#..≈≈≈≈≈≈≈≈~..............
##.~~≈~~~~≈≈≈~.............
#..≈≈≈~...~≈≈≈.............
#.~≈≈≈.♣PP.≈≈≈~............
#.≈≈≈~>._P@~≈~~............
#.~≈≈≈..PYY≈≈≈~...........#
#^.≈≈~~P..~≈≈~....##....>##
# ##.~~≈≈~~~≈≈≈~.[.....#####
## #####..~≈≈≈~≈≈≈~........#
.###.......~≈≈≈~≈~.........#
..##.###.....~~~..Y........#
...#.# #####...............#
#....### ####............#


You could see 3 yaks.

Vanquished Creatures
  Eustachio (D:4)
  2 kobold brigands (D:3)
  3 hounds
  2 bombardier beetles
  A jelly (D:4)
  An iguana (D:5)
  6 gnolls (D:3)
  3 adders
  3 ribbon worms
  2 dart slugs
  5 orcs
  4 endoplasms
  3 giant cockroaches
  4 goblins
  7 hobgoblins
  51 kobolds
  4 quokkas
  3 ball pythons
  2 bats
  2 frilled lizards
  2 rats
111 creatures vanquished.

Notes
Turn   | Place    | Note
-------+----------+-------------------------------------------
     0 | D:1      | KennySheep the Deep Elf Cinder Acolyte began the quest for
                  | the Orb.
     0 | D:1      | Reached XP level 1. HP: 13/13 MP: 5/5
   191 | D:1      | Reached skill level 2 in Spellcasting
   332 | D:1      | Reached XP level 2. HP: 5/18 MP: 7/7
   391 | D:1      | Learned a level 2 spell: Scorch
  1296 | D:2      | Reached XP level 3. HP: 22/22 MP: 0/8
  2425 | D:3      | Found an opulent altar of Gozag.
  2485 | D:3      | Reached skill level 3 in Spellcasting
  2572 | D:3      | Reached skill level 1 in Conjurations
  2779 | D:3      | Reached skill level 1 in Earth Magic
  2787 | D:3      | Learned a level 3 spell: Passwall
  2791 | D:3      | Learned a level 3 spell: Stone Arrow
  2991 | D:3      | Found a hazy altar of Hepliaklqana.
  3054 | D:3      | Reached XP level 4. HP: 23/27 MP: 7/10
  3100 | D:3      | Found a bloodstained altar of Trog.
  3226 | D:3      | Noticed a kobold brigand
  3322 | D:3      | Killed a kobold brigand
  3323 | D:3      | Reached skill level 1 in Dodging
  3323 | D:3      | Reached XP level 5. HP: 29/32 MP: 2/12
  3732 | D:3      | Reached skill level 4 in Spellcasting
  4083 | D:3      | Reached XP level 6. HP: 27/37 MP: 2/14
  4863 | D:4      | Reached skill level 5 in Spellcasting
  4939 | D:4      | Noticed Eustachio
  4969 | D:4      | Killed Eustachio
  4970 | D:4      | Reached XP level 7. HP: 18/41 MP: 0/17
  5593 | D:4      | Found a staircase to the Ecumenical Temple.
  5770 | Temple   | Entered the Ecumenical Temple
  5770 | Temple   | Noticed a reaper
  5770 | Temple   | Noticed an orange demon
  5770 | Temple   | Noticed a blizzard demon
  5771 | Temple   | Noticed Joyr the pandemonium lord
  5772 | Temple   | Noticed Hiumi Jutini the pandemonium lord
  5805 | D:5      | Entered Level 5 of the Dungeon
  5895 | D:5      | Found a blossoming altar of Fedhas.
  6060 | D:5      | Reached skill level 6 in Spellcasting
  6109 | D:5      | Noticed a yak
  6109 | D:5      | Noticed a yak
  6109 | D:5      | Noticed a yak
  6142 | D:5      | Slain by a yak

Illustrated notes

Levels and vault maps discovered:
D:1:      eino_arrival_tree_alley, layout_basic, corexii_hall_statues_i,
          minmay_crystal_room, minivault_19, nrook_mini_vaults
D:2:      layout_basic, kennysheep_cross_bottleneck, kennysheep_generic_room_4
D:3:      minmay_goblin_kobold_castle, layout_loops_ring,
          grunt_gozag_breadcrumbs, nicolae_hepliaklqana_hippocampus,
          trog_three_pillars_becter
D:4:      layout_loops_ring, minmay_temple_entry_fiery, item_on_display_a,
          uniq_eustachio
D:5:      layout_rooms, pdpol_wu_jian_five_deadly_venoms, fedhas_ov_isle_minmay,
          minmay_ruined_shrine, uniq_duvessa
Temple:   nicolae_temple_panitentiary

Skill      XL: |  1  2  3  4  5  6  7 |
---------------+----------------------+-----
Spellcasting   | 2 3 4 5 6 |  6.0
Conjurations   | 1 2 3 4 |  4.2
Earth Magic    | 1 2 3 4 |  4.2
Fighting       | 3 |  3.0
Dodging        | 1 |  1.2
Fire Magic     | 4 |  4.0
Maces & Flails | |  2.1

Action                     |  1- 3 |  4- 6 |  7- 9 || total
---------------------------+-------+-------+-------++-------
  Melee: Mace              |    14 |       |     9 ||    23
         Whip              |    16 |    47 |       ||    63
   Cast: Scorch            |    48 |    58 |    18 ||   124
         Stone Arrow       |       |     7 |     3 ||    10
 Invoke: Fiery Armour      |       |     1 |       ||     1
    Use: Potion            |     1 |       |       ||     1
         Scroll            |       |     3 |       ||     3
 Armour: Robe              |    24 |    53 |    12 ||    89
  Dodge: Dodged            |    23 |    34 |    13 ||    70

Table legend: (Time is in decaauts)
 A = Elapsed time spent in this place.
 B = Non-inter-level travel time spent in this place.
 C = Inter-level travel time spent in this place.
 D = Time resting spent in this place.
 E = Time spent auto-exploring this place.
 F = Levels seen in this place.
 G = Mean time per level.
                   A        B        C        D        E       F      G
               +--------+--------+--------+--------+--------+-----+--------+
         Total |   6156 |   5968 |    188 |    650 |   4530 |   6 | 1026.0 |
       Dungeon |   6154 |   5966 |    188 |    650 |   4530 |   5 | 1230.8 |
        Temple |      1 |      1 |      0 |      0 |      0 |   1 |    1.0 |
               +--------+--------+--------+--------+--------+-----+--------+

Top non-repeatable levels by time:
     D:3: 2307 daAuts
     D:2: 1400 daAuts
     D:4: 1158 daAuts
     D:1: 948 daAuts
     D:5: 339 daAuts
  Temple: 1 daAuts
